 Dungeon Crawl Stone Soup version 0.20.0-14-g326068f (webtiles) character file.

76 Darkell the Ruffian (level 4, -4/44 HPs)
             Began as a Troll Monk on June 9, 2017.
             Killed by nerve-wracking pain
             ... invoked by an orc priest
              (13 damage)
             ... on level 3 of the Dungeon.
             The game lasted 00:01:17 (1183 turns).

Darkell the Ruffian (Troll Monk)                    Turns: 1183, Time: 00:01:20

Health: -4/44      AC:  6    Str: 19    XL:     4   Next: 12%
Magic:  3/3        EV: 11    Int:  6    God:
Gold:   93         SH:  0    Dex: 13    Spells: 3/3 levels left

rFire    . . .     SeeInvis .     - Unarmed
rCold    . . .     Gourm    +   (no shield)
rNeg     . . .     Faith    .   a - +0 robe
rPois    .         Spirit   .   (helmet restricted)
rElec    .         Reflect  .   l - +0 cloak
rCorr    .         Harm     .   (gloves unavailable)
MR       .....                  (boots unavailable)
Stlth    ++........             (no amulet)
Regen    0.6/turn               (no ring)
MPRegen  0.1/turn               (no ring)

@: no status effects
A: unfitting armour, claws 3, fast metabolism 3, gourmand, regeneration 1,
shaggy fur 1, tough skin 2
a: no special abilities


You were on level 3 of the Dungeon.
You were full.

You visited 1 branch of the dungeon, and saw 3 of its levels.

You collected 93 gold pieces.

Inventory:

Armour
 a - a +0 robe (worn)
 l - a +0 cloak (worn)
Scrolls
 e - a scroll of noise {unknown}
 g - a scroll of enchant armour {unknown}
 h - 5 scrolls of identify {unknown}
 i - a scroll of immolation {unknown}
Potions
 c - a potion of haste {unknown}
 d - 2 potions of magic {unknown}
 f - a potion of mutation {unknown}
 m - a potion of degeneration {unknown}
Comestibles
 b - 3 bread rations
 j - a meat ration
 k - 2 royal jellies
 n - 3 fruits


   Skills:
 + Level 2.9 Fighting
 + Level 3.1 Dodging
 - Level 1.0 Stealth
 + Level 3.8 Unarmed Combat


You had 3 spell levels left.
You didn't know any spells.

Dungeon Overview and Level Annotations

Branches:
Dungeon (3/15)

Altars:


Innate Abilities, Weirdness & Mutations

You are too large for most types of armour.
You have claws for hands.
Your metabolism is lightning-fast.
You like to eat raw meat.
Your natural rate of healing is unusually fast.
You are covered in fur. (AC +1)
You have very tough skin. (AC +2)


Message History

You see here a falchion.
You scratch the orc priest.
The orc priest is lightly wounded.
The orc priest calls down the wrath of Beogh upon you.
Pain shoots through your body!
* * * LOW HITPOINT WARNING * * *
You closely miss the orc priest.
The orc priest is lightly wounded.
The goblin hits you but does no damage. The orc priest hits you.
* * * LOW HITPOINT WARNING * * *
You claw the orc priest!
The orc priest is almost dead.
The goblin barely misses you. The orc priest closely misses you.
You closely miss the orc priest.
The orc priest is almost dead.
The goblin hits you with an uncursed dagger.
* * * LOW HITPOINT WARNING * * *
The orc priest invokes the aid of Beogh against you.
Pain shoots through your body!
You die...

### ###.## ..#
..<.. . #.#
.#(####.#
..####..#
#........
#.......#
#......)#
#.#####.# ##..#
#.######.# ##.#.#
..........###..#(#
#.########...###@#
#.# ###.#
#go...... #.# #.#
#.#.#####
#.##########.#
#...#
............<# ###
# ..############
###


You could see an orc priest and a goblin.

Vanquished Creatures
  An adder (D:2)
  3 oozes
  A worm (D:3)
  A dart slug (D:2)
  A leopard gecko (D:2)
  2 orcs (D:3)
  2 giant cockroaches
  3 goblins
  6 hobgoblins
  8 jackals (D:1)
  4 bats
  3 frilled lizards
  4 kobolds
  4 rats
43 creatures vanquished.

Notes
Turn   | Place    | Note
-------+----------+-------------------------------------------
     0 | D:1      | Darkell the Troll Monk began the quest for the Orb.
     0 | D:1      | Reached XP level 1. HP: 22/22 MP: 0/0
   100 | D:1      | Reached XP level 2. HP: 29/29 MP: 1/1
   416 | D:1      | Reached XP level 3. HP: 36/36 MP: 2/2
  1118 | D:3      | Reached XP level 4. HP: 39/44 MP: 3/3
  1183 | D:3      | Killed from afar by an orc priest

Skill      XL: |  1  2  3 |
---------------+----------+-----
Dodging        | 3 |  3.1
Fighting       | |  2.9
Stealth        | |  1.0
Unarmed Combat | |  3.8

Action                   |  1- 3 |  4- 6 || total
-------------------------+-------+-------++-------
Melee: Unarmed           |   102 |    13 ||   115
       Punch             |     1 |       ||     1
 Stab: Sleeping          |     2 |       ||     2
  Eat: Chunk             |    13 |       ||    13
Armor: Robe              |    39 |     2 ||    41
Dodge: Dodged            |    56 |     5 ||    61
